 Dungeon Crawl Stone Soup version 0.23.0-3-gf3c87f2 (webtiles) character file.

Game seed: 6699058289920266620

226 Lanoc the Chopper (level 5, -3/46 HPs)
             Began as a Draconian Gladiator on Feb 25, 2019.
             Slain by a mummy (17 damage)
             ... in an ossuary.
             The game lasted 00:05:07 (1879 turns).

Lanoc the Chopper (Draconian Gladiator)             Turns: 1879, Time: 00:05:07

Health: -3/46      AC:  5    Str: 16    XL:     5   Next: 69%
Magic:  5/5        EV: 13    Int:  9    God:
Gold:   132        SH:  0    Dex: 13    Spells: 4/4 levels left

rFire    . . .     SeeInvis .   a - +1 war axe
rCold    . . .     Gourm    .   (no shield)
rNeg     . . .     Faith    .   (armour unavailable)
rPois    .         Spirit   .   b - +0 hat
rElec    .         Reflect  .   (no cloak)
rCorr    .         Harm     .   (no gloves)
MR       .....                  (no boots)
Stlth    +.........             (no amulet)
HPRegen  0.15/turn              e - ring of flight
MPRegen  0.09/turn              (no ring)

@: no status effects
A: unfitting armour, cold-blooded, AC +5
a: Evoke Flight


You were in an ossuary.
You were not hungry.

You visited 1 branch of the dungeon, and saw 4 of its levels.
You also visited: Ossuary.

You collected 132 gold pieces.

Inventory:

Hand Weapons
 a - a +1 war axe (weapon)
Missiles
 c - a throwing net (quivered)
Armour
 b - a +0 hat (worn)
Jewellery
 e - a ring of flight (left hand)
Wands
 i - a wand of paralysis (5)
Scrolls
 f - a scroll of amnesia
 h - a scroll of enchant weapon
Potions
 g - a potion of flight
Comestibles
 d - 4 rations


   Skills:
 + Level 3.7 Fighting
 * Level 5.1 Axes
 - Level 1.7 Throwing
 + Level 3.7 Dodging


You had 4 spell levels left.
You didn't know any spells.
Your spell library was empty.

Dungeon Overview and Level Annotations

Branches:
Dungeon (4/15)
 Temple: D:4-7

Altars:
Ashenzari
Cheibriados
Gozag
Okawaru
Qazlal
Trog

Shops:
D:4 *


Innate Abilities, Weirdness & Mutations

Your plain brown scales are hard. (AC +5)
You cannot fit into any form of body armour.
You are cold-blooded and may be slowed by cold attacks.


Message History

The elf zombie struggles against the net.
You slash the elf zombie!
You destroy the elf zombie!
Your Axes skill increases to level 5!
The mummy struggles against the net.
You barely miss the big kobold zombie.
The big kobold zombie is heavily damaged.
The big kobold zombie closely misses you.
The mummy struggles against the net.
You slash the big kobold zombie!
The big kobold zombie is severely damaged.
You hit the mummy but do no damage.
The mummy struggles against the net.
The net rips apart, and the mummy comes free!
You slash the mummy! You tail-slap the mummy.
The mummy is heavily damaged.
You float gracefully downwards.
You barely miss the mummy.
The mummy is heavily damaged.
The mummy hits you!
You die...

###################
...∩..........MM@.#
.............ZZ#..#
.#####.........####
..................#
..................#
...........##.....#
...........##.....#
..................#
...............#..#


You could see 2 mummies, a big kobold zombie and a human zombie.

Vanquished Creatures
  2 elf zombies (Ossuary)
  A hound zombie (Ossuary)
  2 gnolls
  An adder (D:3)
  2 worms
  A dart slug (D:3)
  An orc (D:3)
  2 ball pythons
  2 giant cockroaches
  A gnoll zombie (Ossuary)
  7 goblins
  4 hobgoblins (D:1)
  A quokka (D:4)
  2 bats
  A frilled lizard (D:3)
  2 goblin zombies (Ossuary)
  A jackal zombie (Ossuary)
  3 kobolds (D:1)
  An orc zombie (Ossuary)
  A rat (D:1)
  2 rat zombies (Ossuary)
40 creatures vanquished.

Notes
Turn   | Place    | Note
-------+----------+-------------------------------------------
     0 | D:1      | Lanoc the Draconian Gladiator began the quest for the Orb.
     0 | D:1      | Reached XP level 1. HP: 17/17 MP: 1/1
   251 | D:1      | Reached XP level 2. HP: 24/25 MP: 2/2
   611 | D:2      | Reached XP level 3. HP: 30/30 MP: 3/3
   635 | D:3      | Found an opulent altar of Gozag.
  1239 | D:3      | Reached skill level 4 in Axes
  1347 | D:3      | Found an iron altar of Okawaru.
  1347 | D:3      | Found a bloodstained altar of Trog.
  1385 | D:4      | Found Cimoqekh's Assorted Antiques.
  1454 | D:4      | Found a stormy altar of Qazlal.
  1454 | D:4      | Found a shattered altar of Ashenzari.
  1454 | D:4      | Found a snail-covered altar of Cheibriados.
  1521 | D:4      | Found a sand-covered staircase.
  1695 | Ossuary  | Entered an ossuary
  1700 | Ossuary  | Reached XP level 4. HP: 37/38 MP: 4/4
  1813 | Ossuary  | Reached XP level 5. HP: 12/45 MP: 5/5
  1874 | Ossuary  | Reached skill level 5 in Axes
  1879 | Ossuary  | Slain by a mummy

Skill      XL: |  1  2  3  4  5 |
---------------+----------------+-----
Dodging        | 3 |  3.7
Axes           | 4 5 |  5.1
Fighting       | 3 |  3.7
Throwing       | |  1.7

Action                   |  1- 3 |  4- 6 || total
-------------------------+-------+-------++-------
Melee: War axe           |    78 |    41 ||   119
       Tailslap          |    15 |     6 ||    21
Throw: Throwing net      |       |     2 ||     2
Evoke: Wand              |     1 |       ||     1
  Use: Scroll            |     6 |       ||     6
       Potion            |     2 |     4 ||     6
 Stab: Sleeping          |     1 |       ||     1
  Eat: Ration            |     1 |       ||     1
       Chunk             |     1 |       ||     1
Armor: Skin              |    26 |    16 ||    42
Dodge: Dodged            |    44 |    33 ||    77
